 Dungeon Crawl Stone Soup version 0.30-a0-279-g4b46babb21 (webtiles) character file.

Game seed: 6492734160674201722

304 themarg the Chopper (level 6, -4/53 HPs)
             Began as a Gnoll Chaos Knight on Oct 16, 2022.
             Was a Plaything of Xom.
             Slain by Pargi (8 damage)
             ... in a sewer.
             The game lasted 00:06:58 (1769 turns).

themarg the Chopper (Gnoll Chaos Knight)            Turns: 1769, Time: 00:06:58

Health: -4/53      AC:  7    Str: 14    XL:     6   Next: 38%
Magic:  9/9        EV: 11    Int: 11    God:    Xom [*.....]
Gold:   159        SH:  6    Dex: 11    Spells: 9/9 levels left

rFire   . . .      SeeInvis .    a - +0 hand axe (chaos)
rCold   + . .      Faith    .    n - +2 buckler
rNeg    . . .      Spirit   .    t - +0 ring mail
rPois   .          Reflect  .    (no helmet)
rElec   .          Harm     .    (no cloak)
rCorr   .          Rampage  .    v - +0 pair of gloves
Will    .....                    (no boots)
Stlth   +.........               u - amulet of the acrobat
HPRegen 0.28/turn                m - ring of protection from cold
MPRegen 0.11/turn                (no ring)

@: brilliant, attractive, hasted, very quick
A: fangs 1, strong nose, distributed training, no potion heal 1
a: Renounce Religion


You were in a sewer.
You worshipped Xom.
You were a special plaything of Xom.
You visited 1 branch of the dungeon, and saw 4 of its levels.
You also visited: Sewer.

You collected 159 gold pieces.

Inventory:

Hand Weapons
 a - a +0 hand axe of chaos (weapon)
 b - a +3 sling
Missiles
 d - 42 stones
 k - 4 poisoned darts
 l - 2 boomerangs
Armour
 n - a +2 buckler (worn)
 t - a +0 ring mail (worn)
 v - a +0 pair of gloves (worn)
Magical Staves
 r - a staff of poison
Jewellery
 m - a ring of protection from cold (left hand)
 u - an amulet of the acrobat (around neck)
Scrolls
 g - a scroll of enchant armour {unknown}
 h - a scroll of magic mapping
 w - a scroll of identify {unknown}
Potions
 i - a potion of resistance {unknown}
 j - a potion of brilliance
 o - a potion of might {unknown}
 p - a potion of flight {unknown}
 q - 2 potions of attraction
 s - a potion of magic {unknown}
Miscellaneous
 c - a piece from Xom's chessboard (11/15) (quivered)


   Skills:
 + Level 6.8 Fighting
 + Level 2.0 Short Blades
 + Level 2.0 Long Blades
 + Level 6.8 Axes
 + Level 2.0 Maces & Flails
 + Level 2.0 Polearms
 + Level 2.0 Staves
 + Level 2.0 Ranged Weapons
 + Level 2.0 Throwing
 + Level 5.0 Armour
 + Level 3.3 Dodging
 + Level 2.0 Stealth
 + Level 2.0 Shields
 + Level 2.0 Unarmed Combat
 + Level 2.0 Spellcasting
 + Level 1.6 Conjurations
 + Level 1.6 Hexes
 + Level 1.6 Summonings
 + Level 1.6 Necromancy
 + Level 1.6 Translocations
 + Level 1.6 Transmutations
 + Level 1.6 Fire Magic
 + Level 1.6 Ice Magic
 + Level 1.6 Air Magic
 + Level 1.6 Earth Magic
 + Level 1.6 Poison Magic
 + Level 2.2 Invocations
 + Level 2.0 Evocations


You had 9 spell levels left.
You didn't know any spells.
Your spell library contained the following spells:

 Spells                   Type           Power      Damage    Failure   Level
 Frozen Ramparts          Ice            12%        1d2       75%         3
 Ice Form                 Ice/Tmut       6%         N/A       98%         4
 Summon Ice Beast         Ice/Summ       6%         N/A       98%         4


Dungeon Overview and Level Annotations

Branches:
Dungeon (4/15)              Sewer (1/1)
 Temple: D:4-7

Altars:
Qazlal
Zin

Annotations:
Sewer Pargi


Innate Abilities, Weirdness & Mutations

You have very sharp teeth.
Your uncanny sense of smell can sniff out nearby items.
Your experience applies equally to all skills.
Potions are less effective at restoring your health.


Message History

You slash something!
Nothing appears to happen.
Something bites you.
* * * LOW HITPOINT WARNING * * *
Something barely misses you. Something claws you but does no damage.
You miss something. You closely miss something.
You hit something but do no damage. Something bites you.
* * * LOW HITPOINT WARNING * * *
You block something's attack. Something claws you but does no damage.
Okay, then.
You can't see anything.
Try to make a move anyway?
You make a move on Xom's chessboard...
Nothing appears to happen.
You can't see anything.
Try to make a move anyway?
You make a move on Xom's chessboard...
Nothing appears to happen.
You can't see anything.
Try to make a move anyway?
You make a move on Xom's chessboard...
Nothing appears to happen.
Something bites you.
* * * LOW HITPOINT WARNING * * *
Something claws you but does no damage. x2
You barely miss something. You bite something. You hit something.
Something bites you but does no damage. Something claws you but does no damage.
Something claws you.
* * * LOW HITPOINT WARNING * * *
You completely miss something. Your bite misses something.
You closely miss something. Your bite misses something.
You hit something but do no damage. Something barely misses you.
Something claws you but does no damage. Something claws you.
* * * LOW HITPOINT WARNING * * *
Your system partially rejects the healing.
You feel much better. Something bites you!
* * * LOW HITPOINT WARNING * * *
You block something's attack. Something claws you.
* * * LOW HITPOINT WARNING * * *
You hit something but do no damage. Something bites you but does no damage.
Something claws you but does no damage. Something claws you.
* * * LOW HITPOINT WARNING * * *
Okay, then.
As you read the scroll labelled DETSAX KICSA, it crumbles to dust.
You feel aware of your surroundings.
It was a scroll of magic mapping.
Something bites you!
You die...

#.,* #~.# #..*
#..# #..#* ##~~#
#.~~* #.~.#
*#..###.~##
#.~.#...#
*#..~..## #...{.#
##~.@## #.~.#
##.## #.#
####.####
****#..~~...####
*~~~~~~~~~~~~~~#
*####...#...####
******#....#..###


There were no monsters in sight!

Vanquished Creatures
  Sigmund (D:3)
  5 gnolls
  4 adders
  2 dart slugs
  3 orcs (D:3)
  5 ball pythons
  4 endoplasms
  6 giant cockroaches
  9 goblins
  6 hobgoblins
  2 quokkas
  10 bats
  2 frilled lizards
  4 kobolds
  3 rats
66 creatures vanquished.

Notes
Turn   | Place    | Note
-------+----------+-------------------------------------------
     0 | D:1      | themarg the Gnoll Chaos Knight began the quest for the Orb.
     0 | D:1      | Reached XP level 1. HP: 23/23 MP: 1/1
    69 | D:1      | Reached XP level 2. HP: 15/29 MP: 2/2
   187 | D:1      | XOM: silly message
   192 | D:1      | Reached XP level 3. HP: 34/35 MP: 3/3
   271 | D:1      | Reached skill level 1 in Invocations
   362 | D:1      | XOM: divination: detect items
   554 | D:2      | Reached skill level 1 in Short Blades
   554 | D:2      | Reached skill level 1 in Long Blades
   554 | D:2      | Reached skill level 1 in Maces & Flails
   554 | D:2      | Reached skill level 1 in Polearms
   554 | D:2      | Reached skill level 1 in Staves
   554 | D:2      | Reached skill level 1 in Ranged Weapons
   554 | D:2      | Reached skill level 1 in Throwing
   554 | D:2      | Reached skill level 1 in Stealth
   554 | D:2      | Reached skill level 1 in Shields
   554 | D:2      | Reached skill level 1 in Unarmed Combat
   554 | D:2      | Reached skill level 1 in Spellcasting
   554 | D:2      | Reached skill level 1 in Evocations
   619 | D:2      | Found a glowing silver altar of Zin.
   697 | D:2      | Reached XP level 4. HP: 30/41 MP: 5/5
   904 | D:2      | XOM: silly message
  1042 | D:3      | XOM: potion effect (curing)
  1043 | D:3      | Reached skill level 1 in Conjurations
  1043 | D:3      | Reached skill level 1 in Hexes
  1043 | D:3      | Reached skill level 1 in Summonings
  1043 | D:3      | Reached skill level 1 in Necromancy
  1043 | D:3      | Reached skill level 1 in Translocations
  1043 | D:3      | Reached skill level 1 in Transmutations
  1043 | D:3      | Reached skill level 1 in Fire Magic
  1043 | D:3      | Reached skill level 1 in Ice Magic
  1043 | D:3      | Reached skill level 1 in Air Magic
  1043 | D:3      | Reached skill level 1 in Earth Magic
  1043 | D:3      | Reached skill level 1 in Poison Magic
  1057 | D:3      | Reached XP level 5. HP: 42/47 MP: 5/7
  1166 | D:3      | XOM: 1-stop teleportation journey
  1244 | D:3      | XOM: chaos upgrade
  1290 | D:3      | Found a faded altar of an unknown god.
  1346 | D:3      | Found a stormy altar of Qazlal.
  1364 | D:3      | XOM: give mutation
  1364 | D:3      | Gained mutation: Potions are less effective at restoring
                  | your health. [Xom's mischief]
  1375 | D:3      | Noticed Sigmund
  1394 | D:3      | Killed Sigmund
  1395 | D:3      | Reached skill level 5 in Armour
  1395 | D:3      | Reached XP level 6. HP: 45/53 MP: 7/9
  1668 | D:4      | Found a glowing drain.
  1689 | Sewer    | Entered a sewer
  1717 | Sewer    | Noticed Pargi
  1766 | Sewer    | HP: 2/53 [something (1)]
  1769 | Sewer    | Slain by Pargi

Illustrated notes

Levels and vault maps discovered:
D:1:      lightli_arrival_isolated_outpost, layout_rooms, minmay_split_cup_small
D:2:      layout_rooms, basic_altar, st_stairs_2
D:3:      layout_rooms, mainiacjoe_overflow_alcove_2,
          ebering_ecumenical_altar_mist, guppyfry_early_orc_mine, uniq_sigmund
D:4:      layout_gridville, gammafunk_temple_overflow_statue,
          mainiacjoe_overflow_catch_the_wave, kennysheep_mini_moat,
          gup_sewer_entry_glass
Sewer:    sewer_the_moccasin

Skill      XL: |  1  2  3  4  5 |
---------------+----------------+-----
Invocations    | 1 2 |  2.2
Short Blades   | 1 2 |  2.0
Long Blades    | 1 2 |  2.0
Maces & Flails | 1 2 |  2.0
Polearms       | 1 2 |  2.0
Staves         | 1 2 |  2.0
Ranged Weapons | 1 2 |  2.0
Throwing       | 1 2 |  2.0
Stealth        | 1 2 |  2.0
Shields        | 1 2 |  2.0
Unarmed Combat | 1 2 |  2.0
Spellcasting   | 1 2 |  2.0
Evocations     | 1 2 |  2.0
Conjurations   | 1 |  1.6
Hexes          | 1 |  1.6
Summonings     | 1 |  1.6
Necromancy     | 1 |  1.6
Translocations | 1 |  1.6
Transmutations | 1 |  1.6
Fire Magic     | 1 |  1.6
Ice Magic      | 1 |  1.6
Air Magic      | 1 |  1.6
Earth Magic    | 1 |  1.6
Poison Magic   | 1 |  1.6
Dodging        | 3 |  3.3
Armour         | 5 |  5.0
Fighting       | |  6.8
Axes           | |  6.8

Action                   |  1- 3 |  4- 6 || total
-------------------------+-------+-------++-------
Melee: Hand axe          |    73 |    67 ||   140
       Bite              |     6 |     4 ||    10
 Fire: Sling             |       |    45 ||    45
Evoke: Piece from Xom's  |       |     4 ||     4
  Use: Potion            |       |     5 ||     5
       Scroll            |       |     1 ||     1
 Stab: Sleeping          |     1 |       ||     1
       Paralysed         |       |     1 ||     1
Armor: Leather armour    |    33 |       ||    33
       Ring mail         |       |    41 ||    41
Dodge: Dodged            |    54 |    18 ||    72
Block: Buckler           |     5 |    23 ||    28

Table legend: (Time is in decaauts)
 A = Elapsed time spent in this place.
 B = Non-inter-level travel time spent in this place.
 C = Inter-level travel time spent in this place.
 D = Time resting spent in this place.
 E = Time spent auto-exploring this place.
 F = Levels seen in this place.
 G = Mean time per level.
                   A        B        C        D        E       F      G
               +--------+--------+--------+--------+--------+-----+--------+
         Total |   1790 |   1682 |    108 |     74 |   1157 |   5 |  358.0 |
       Dungeon |   1713 |   1605 |    108 |     74 |   1125 |   4 |  428.2 |
         Sewer |     77 |     77 |      0 |      0 |     31 |   1 |   77.0 |
               +--------+--------+--------+--------+--------+-----+--------+

Top non-repeatable levels by time:
     D:3: 649 daAuts
     D:1: 542 daAuts
     D:2: 451 daAuts
   Sewer: 77 daAuts
     D:4: 69 daAuts
